 Dungeon Crawl Stone Soup version 0.23-a0-483-g32a748b514 (webtiles) character file.

79 Naow the Chopper (level 4, -1/35 HPs)
             Began as a Formicid Fighter on Nov 30, 2018.
             Slain by Natasha (7 damage)
             ... on level 3 of the Dungeon.
             The game lasted 00:02:53 (2155 turns).

Naow the Chopper (Formicid Fighter)                 Turns: 2155, Time: 00:02:54

Health: -1/35      AC:  0    Str: 21    XL:     4   Next: 62%
Magic:  4/4        EV: 17    Int:  8    God:
Gold:   141        SH:  0    Dex: 15    Spells: 3/3 levels left

rFire    . . .     SeeInvis .   (weapon currently unavailable)
rCold    . . .     Gourm    .   (shield currently unavailable)
rNeg     . . .     Faith    .   (armour currently unavailable)
rPois    .         Spirit   .   (helmet unavailable)
rElec    .         Reflect  .   (cloak currently unavailable)
rCorr    .         Harm     .   (gloves currently unavailable)
MR       .....                  (boots currently unavailable)
Stlth    +.........             v - amulet of the acrobat
HPRegen  0.11/turn              (ring currently unavailable)
MPRegen  0.09/turn              (ring currently unavailable)

@: bat-form, flying, very quick
A: tiny, permanent stasis, dig shafts and tunnels, four strong arms
a: no special abilities


You were on level 3 of the Dungeon.
You were not hungry.
You were in bat-form.
You visited 1 branch of the dungeon, and saw 3 of its levels.

You collected 141 gold pieces.

Inventory:

Hand Weapons
 a - a +0 war axe (melded)
Armour
 b - a +0 scale mail (melded)
 c - a +0 shield (melded)
Jewellery
 h - a +4 ring of dexterity (melded)
 n - a ring of stealth (melded)
 v - an amulet of the acrobat (around neck)
Scrolls
 i - a scroll of fog {unknown}
 j - 4 scrolls of identify {unknown}
 k - a scroll of blinking {unknown}
 m - a scroll of magic mapping {unknown}
 q - a scroll of teleportation {unknown}
 t - a scroll of remove curse {unknown}
Potions
 d - 3 potions of might
 e - a potion of heal wounds {unknown}
 g - a potion of flight {unknown}
 l - a potion of magic {unknown}
 o - a potion of brilliance {unknown}
 p - a potion of degeneration {unknown}
 r - a potion of haste {unknown}
 s - a potion of curing {unknown}
 u - a potion of invisibility {unknown}
Comestibles
 f - 5 rations


   Skills:
 - Level 3.2 Fighting
 + Level 4.5 Axes
 - Level 3.2 Armour
 - Level 3.6 Shields


You had 3 spell levels left.
You didn't know any spells.
Your spell library was empty.

Dungeon Overview and Level Annotations

Branches:
Dungeon (3/15)

Altars:
Gozag

Annotations:
D:2 Sigmund
D:3 Natasha


Innate Abilities, Weirdness & Mutations

You cannot be hasted, slowed, berserked, paralysed or teleported.
You can dig through walls and to a lower floor.
Your four strong arms can wield two-handed weapons with a shield.
((You have a pair of large antennae on your head. (SInv)))


Message History

You hit Natasha.
Natasha is severely wounded.
Natasha casts a spell at you. You resist with some effort.
You hit Natasha but do no damage.
Natasha is severely wounded.
Natasha stares at you and mumbles some strange words.
The magic dart hits you!
You closely miss Natasha.
Natasha is severely wounded.
Natasha closely misses you.
You barely miss Natasha.
Natasha is severely wounded.
Natasha stares at you and mumbles some strange words.
The magic dart hits you!
* * * LOW HITPOINT WARNING * * *
You hit Natasha but do no damage.
Natasha is severely wounded.
Natasha claws you!
You die...

#.# ###.###..... #.#
###.....#....# #.#
..#.#.###..###
#.#####.##.._..##....
#.##....####.#.#<..##
#.##....##.....#.....
#.##....####.###..(.# #
#.##.h..#.##.#.#....#
#..#####'##b...#...........#
...............#.####..#.#.#
...###........##.#..#......#
#........##......##...#
#.....#######.........#
#.....# #.........#.#
#.....# #.#.#######.#
###+### #.#.# #.# #.#.#
###.#


You could see Natasha.

Vanquished Creatures
  Terence (D:2)
  A worm (D:2)
  2 dart slugs
  2 bats
  4 giant cockroaches
  4 goblins
  7 hobgoblins
  3 jackals (D:2)
  7 kobolds
  A quokka (D:2)
  3 frilled lizards
  12 rats
47 creatures vanquished.

Notes
Turn   | Place    | Note
-------+----------+-------------------------------------------
     0 | D:1      | Naow the Formicid Fighter began the quest for the Orb.
     0 | D:1      | Reached XP level 1. HP: 18/18 MP: 1/1
   133 | D:1      | Reached XP level 2. HP: 20/24 MP: 2/2
   332 | D:1      | Reached skill level 3 in Axes
   539 | D:1      | Reached XP level 3. HP: 26/29 MP: 3/3
  1037 | D:2      | Noticed Terence
  1048 | D:2      | Killed Terence
  1048 | D:2      | Reached skill level 4 in Axes
  1048 | D:2      | Reached XP level 4. HP: 27/35 MP: 4/4
  1237 | D:2      | Noticed Sigmund
  2058 | D:3      | Found an opulent altar of Gozag.
  2138 | D:3      | Noticed Natasha
  2155 | D:3      | Slain by Natasha

Vault maps used:
D:1:      dpeg_arrival_another_circle
D:2:      first_ration, chequers_serial_rivers_micro_a, minmay_quadrilaterals,
          uniq_terence, uniq_sigmund
D:3:      nicolae_gozag_cash_rules_everything_around_me, minmay_mini_jars,
          uniq_natasha, uniq_grinder

Skill      XL: |  1  2  3 |
---------------+----------+-----
Axes           | 3 4 |  4.5
Fighting       | |  3.2
Armour         | |  3.2
Shields        | |  3.6

Action                   |  1- 3 |  4- 6 || total
-------------------------+-------+-------++-------
Melee: War axe           |    92 |    51 ||   143
       Unarmed           |       |    11 ||    11
  Eat: Chunk             |     1 |     3 ||     4
Armor: Scale mail        |    30 |     9 ||    39
Dodge: Dodged            |    31 |    21 ||    52
Block: Shield            |    38 |    25 ||    63

Table legend:
 A = Non-vault XP
 B = Vault XP
 C = Vault XP percentage of total XP
 D = Non-vault monster count
 E = Vault monster count
 F = Vault count percentage of total count
                 A         B        C        D         E       F
            +---------+---------+-------+---------+---------+-------
      Total |      64 |      49 |  43.4 |      39 |       8 |  17.0
            +---------+---------+-------+---------+---------+-------
        D:1 |      39 |       0 |   0.0 |      25 |       0 |   0.0
        D:2 |      22 |      46 |  67.6 |      12 |       6 |  33.3
        D:3 |       3 |       3 |  50.0 |       2 |       2 |  50.0
            +---------+---------+-------+---------+---------+-------
